 Dungeon Crawl Stone Soup version 0.25-a0-1071-g2607d5cfa1 (webtiles) character file.

Game seed: 8053200248462283641, levelgen mode: deterministic

77 Conn the Firebug (level 4, -2/27 HPs)
             Began as an Octopode Fire Elementalist on May 14, 2020.
             Slain by Grinder (9 damage)
             ... while paralysed by Grinder
             ... on level 3 of the Dungeon.
             The game lasted 00:06:51 (2049 turns).

Conn the Firebug (Octopode Fire Elementalist)       Turns: 2049, Time: 00:06:52

Health: -2/27      AC:  1    Str:  7    XL:     4   Next: 33%
Magic:  6/8        EV:  2    Int: 18    God:
Gold:   83         SH:  0    Dex: 12    Spells: 1/8 levels left

rFire    . . .     SeeInvis .   a - +0 dagger (venom)
rCold    . . .     Gourm    .   (no shield)
rNeg     . . .     Faith    .   (helmet restricted)
rPois    .         Spirit   .   (no amulet)
rElec    .         Reflect  .   (no ring)
rCorr    .         Harm     .   (no ring)
MR       .....                  (no ring)
Stlth    +++.......             (no ring)
HPRegen  0.09/turn              (no ring)
MPRegen  0.11/turn              (no ring)
                                (no ring)
                                (no ring)

@: paralysed
A: almost no armour, stealthy swim, amphibious, 8 rings, constrict 8, camouflage
1, gelatinous body 1
a: no special abilities


You were on level 3 of the Dungeon.
You were not hungry.

You visited 1 branch of the dungeon, and saw 3 of its levels.

You collected 83 gold pieces.

Inventory:

Hand Weapons
 a - a +0 dagger of venom (weapon)
 b - a +3 hunting sling
 d - a +2 quarterstaff of chaos
 p - a +0 dagger
Missiles
 k - 39 stones (quivered)
 s - 42 sling bullets
Jewellery
 o - a +6 ring of strength {unknown}
Scrolls
 c - a scroll of fog {unknown}
 e - 2 scrolls of teleportation {unknown}
 g - a scroll of immolation
 h - a scroll of amnesia {unknown}
 m - a scroll of remove curse {unknown}
 q - a scroll of identify {unknown}
 r - a scroll of blinking {unknown}
Potions
 f - a potion of mutation {unknown}
 i - a potion of ambrosia {unknown}
 j - a potion of might {unknown}
Comestibles
 l - 5 rations


   Skills:
 * Level 1.0 Slings
 + Level 2.2 Dodging
 + Level 2.9 Stealth
 + Level 0.2 Unarmed Combat
 * Level 2.7 Spellcasting
 + Level 1.3 Conjurations
 * Level 3.9 Fire Magic


You had one spell level left.
You knew the following spells:

 Your Spells              Type           Power        Failure   Level  Hunger
a - Foxfire               Conj/Fire      ##..         5%          1    #......
b - Conjure Flame         Conj/Fire      ##......     17%         3    ###....
c - Inner Flame           Hex/Fire       #.......     22%         3    ###....

Your spell library contained the following spells:

 Spells                   Type           Power        Failure   Level  Hunger
 Sticky Flame             Conj/Fire      ##......     50%         4    #####..
 Fireball                 Conj/Fire      ##........   83%         5    ######.


Dungeon Overview and Level Annotations

Branches:
Dungeon (3/15)

Altars:

Annotations:
D:3 1 runed translucent door, Grinder; terminal's ghost, amateur SpCj


Innate Abilities, Weirdness & Mutations

You cannot wear most types of armour.
You are very stealthy in the water. (Stealth+)
You are amphibious.
You can wear up to eight rings at the same time.
You can use your tentacles to constrict eight enemies at once.
Your skin changes colour to match your surroundings (Stealth+).
Your rubbery body absorbs attacks. (AC +1, EV +1)


Message History

The weapon returns to the orc!
Unknown command.
Casting: Foxfire (safe; 5% risk of failure)
Confirm with . or Enter, or press ? or * to list all spells.
You conjure some foxfire!
The orc throws a boomerang.
The boomerang hits you.
The weapon returns to the orc!
The foxfire hits Grinder.
Grinder is lightly wounded.
The foxfire hits Grinder.
Grinder is lightly wounded.
Grinder gestures at you.
You suddenly lose the ability to move!
The orc throws a boomerang.
The boomerang hits you.
The weapon returns to the orc!
Grinder hits you! The orc hits you with a +0 war axe.
* * * LOW HITPOINT WARNING * * *
Terminal's ghost shrieks, "Very impressive.
But it won't help.
Nothing will."
Grinder hits you!
You die...

.##...
#5########....#.
................
########.K..o..#
#.#####!. #o## .
#..# ..#
###..#...#
####@5....#
#.....o#####
#.#.[#..#W§§#
####..+§§§#
##.#§§%# #######


You could see Grinder, terminal's ghost and an orc.

Vanquished Creatures
  Crazy Yiuf (D:2)
  An adder (D:2)
  A worm (D:2)
  2 leopard geckos
  2 orcs (D:3)
  4 bats
  4 giant cockroaches
  6 goblins
  2 hobgoblins
  3 kobolds
  A quokka (D:2)
  3 frilled lizards
  A rat (D:2)
31 creatures vanquished.

Vanquished Creatures (others)
  70 foxfires
70 creatures vanquished.

Grand Total: 101 creatures vanquished

Notes
Turn   | Place    | Note
-------+----------+-------------------------------------------
     0 | D:1      | Conn the Octopode Fire Elementalist began the quest for the
                  | Orb.
     0 | D:1      | Reached XP level 1. HP: 11/11 MP: 3/3
   249 | D:1      | Reached XP level 2. HP: 17/17 MP: 1/5
  1070 | D:2      | Reached XP level 3. HP: 19/21 MP: 2/6
  1385 | D:2      | Found a runed translucent door.
  1386 | D:2      | Noticed Crazy Yiuf
  1392 | D:2      | Learned a level 3 spell: Conjure Flame
  1497 | D:2      | Killed Crazy Yiuf
  1497 | D:2      | Reached XP level 4. HP: 27/27 MP: 3/7
  1850 | D:3      | Found a runed translucent door.
  1850 | D:3      | Noticed terminal's ghost (amateur SpCj)
  1865 | D:3      | Noticed Grinder
  1891 | D:2      | Reached skill level 1 in Slings
  2039 | D:2      | Learned a level 3 spell: Inner Flame
  2046 | D:3      | Paralysed by Grinder for 5 turns
  2049 | D:3      | Slain by Grinder

Illustrated notes

Levels and vault maps discovered:
D:1:      ncdulo_smallfort, layout_basic
D:2:      layout_basic, uniq_crazy_yiuf_cottage
D:3:      layout_rooms, nicolae_overflow_hidden_temple,
          ebering_ghost_inner_flame, minmay_misc_feat_rows, uniq_grinder

Skill      XL: |  1  2  3  4 |
---------------+-------------+-----
Slings         | 1 |  1.0
Dodging        | |  2.2
Stealth        | |  2.9
Unarmed Combat | |  0.2
Spellcasting   | |  2.7
Conjurations   | |  1.3
Fire Magic     | |  3.9

Action                   |  1- 3 |  4- 6 || total
-------------------------+-------+-------++-------
Melee: Unarmed           |     9 |       ||     9
       Constrict         |     4 |     1 ||     5
       Dagger            |    11 |     2 ||    13
       Tentacles         |     2 |       ||     2
 Cast: Foxfire           |    35 |     9 ||    44
  Use: Potion            |     1 |       ||     1
 Stab: Sleeping          |     2 |       ||     2
       Invisible         |     1 |       ||     1
  Eat: Chunk             |     2 |     2 ||     4
Armor: Skin              |     4 |       ||     4
Dodge: Dodged            |    19 |     8 ||    27

Table legend:
 A = Non-vault XP
 B = Vault XP
 C = Vault XP percentage of total XP
 D = Non-vault monster count
 E = Vault monster count
 F = Vault count percentage of total count
                 A         B        C        D         E       F
            +---------+---------+-------+---------+---------+-------
      Total |      70 |      40 |  36.4 |      30 |       1 |   3.2
            +---------+---------+-------+---------+---------+-------
        D:1 |      15 |       0 |   0.0 |       8 |       0 |   0.0
        D:2 |      45 |      40 |  47.1 |      17 |       1 |   5.6
        D:3 |      10 |       0 |   0.0 |       5 |       0 |   0.0
            +---------+---------+-------+---------+---------+-------
